 Dungeon Sprint DCSS version 0.22.1-1-ga44c0e56f4 (webtiles) character file.

11389 MuseOD the Unseen (level 11, -1/94 HPs)
             Began as a Spriggan Enchanter on Sept 26, 2018.
             Was a High Priest of Dithmenos.
             Slain by a long sword of electrocution (15 damage)
             ... in the Dungeon (Sprint III: "The Ten Rune Challenge").
             The game lasted 00:06:06 (1687 turns).

MuseOD the Unseen (Spriggan Enchanter)              Turns: 1687, Time: 00:06:06

Health: -1/94      AC:  2    Str:  9    XL:     11   Next: 48%
Magic:  23/29      EV: 18    Int: 20    God:    Dithmenos [*****.]
Gold:   41         SH:  0    Dex: 17    Spells: 25/37 levels left

rFire    . . .     SeeInvis +   a - +1 dagger
rCold    . . .     Gourm    .   (shield restricted)
rNeg     . . .     Faith    .   b - +0 robe
rPois    .         Spirit   .   (helmet restricted)
rElec    .         Reflect  .   (no cloak)
rCorr    .         Harm     .   (gloves unavailable)
MR       +....     NoTele   +   (boots unavailable)
Stlth    ..........             (no amulet)
HPRegen  0.25/turn              (no ring)
MPRegen  0.21/turn              (no ring)

@: berserking, wreathed by umbra, very quick
A: very small, unfitting armour, see invisible, herbivore, speed 3, slow
metabolism 2
a: Shadow Step, Shadow Form, Renounce Religion


You were in the Dungeon.
You worshipped Dithmenos.
Dithmenos was extremely pleased with you.
You were not hungry.

You visited 1 branch You collected 41 gold pieces.

Inventory:

Hand Weapons
 a - a +1 dagger (weapon)
Armour
 b - a +0 robe (worn)
Wands
 f - a wand of clouds (6)
Scrolls
 c - a scroll of amnesia {unknown}
 j - a scroll of blinking
 l - 2 scrolls of torment {unknown}
 m - 5 scrolls of identify
 n - a scroll of remove curse {unknown}
Potions
 g - a potion of haste
 h - 2 potions of magic
 i - a potion of berserk rage
 k - 3 potions of mutation {unknown}
 o - 2 potions of might
 p - 2 potions of flight
 q - a potion of cancellation {unknown}
Comestibles
 d - 5 rations


   Skills:
 + Level 10.1 Fighting
 * Level 17.5 Short Blades
 - Level 3.0 Dodging
 + Level 18.0 Stealth
 + Level 13.6 Spellcasting
 + Level 13.9 Hexes


You had 25 spell levels left.
You knew the following spells:

 Your Spells              Type           Power        Failure   Level  Hunger
a - Corona                Hex            ######.      0%          1    None
b - Ensorcelled Hibernat  Hex/Ice        #####.       1%          2    None
c - Confuse               Hex            ######..     1%          3    None
d - Dazzling Spray        Conj/Hex       #####.       1%          3    None
e - Regeneration          Chrm/Necr      ##........   14%         3    None

Your spell library contained the following spells:

 Spells                   Type           Power        Failure   Level  Hunger
 Confusing Touch          Hex            ######       0%          1    None
 Tukima's Dance           Hex            ######..     1%          3    None
 Animate Skeleton         Necr           N/A          4%          1    None
 Pain                     Necr           ##..         4%          1    None
 Metabolic Englaciation   Hex/Ice        #####.....   8%          5    ####...
 Yara's Violent Unravell  Hex/Tmut       #####.....   8%          5    ####...
 Gell's Gravitas          Tloc           ##........   14%         3    None
 Vampiric Draining        Necr           ##........   14%         3    None
 Animate Dead             Necr           N/A          43%         4    None
 Petrify                  Tmut/Erth      ##......     43%         4    None


Dungeon Overview and Level Annotations

Branches:
Dungeon (1/1)

Altars:
Dithmenos
Elyvilon
Kikubaaqudgha
Okawaru
Ru
Sif Muna
Trog
Uskayaw
Vehumet
Wu Jian
Yredelemnul
Zin
The Shining One
Beogh


Innate Abilities, Weirdness & Mutations

You are very small and have problems with some larger weapons.
You are too small for most types of armour.
You have supernaturally acute eyesight. (SInv)
You are a herbivore.
You cover ground extremely quickly.
You need to consume almost no food.


Message History

There is an open door, spattered with blood here.
Really walk into a travel-excluded area?
Okay, then.
Press: ? - help, v - describe, . - travel
Here: a long sword of electrocution (lightly damaged, umbra)
The floor.
You feel better.
The long sword of electrocution hits you.
* * * LOW HITPOINT WARNING * * *
A red film seems to cover your vision as you go berserk!
You feel yourself moving faster!
You feel mighty!
The long sword of electrocution barely misses you.
The long sword of electrocution completely misses you.
You hit the long sword of electrocution.
The long sword of electrocution is lightly damaged.
You barely miss the long sword of electrocution.
The long sword of electrocution is lightly damaged.
Your shadow hits the long sword of electrocution but does no damage.
The long sword of electrocution hits you!
You die...

#§§..P# .§ #
#'#####.. ###
#.§..)'.. ##.#
#.#############..§
#.#[PP........'..#
#.#.P.....########
#.#.....### #
#.#...### #
#@#)###§ #
#(#'#.§§§ #
#(#(§§§.§§#
#.#§§§§...#
#..§§§§..§#
#########.# # §


You could see 2 dancing weapons.

Vanquished Creatures
  Dowan (D)
  An entropy weaver (shapeshifter) (D)
  3 yaktaur captains (D)
  A fire dragon (D)
  Erica (D)
  2 centaur warriors (D)
  An unseen horror (D)
  An ugly thing (D)
  A deep elf mage (D)
  Duvessa (D)
  4 spriggan defenders (D)
  A wind drake (shapeshifter) (D)
  2 orc high priests (D)
  A shadow (D)
  2 centaurs (D)
  A necrophage (D)
  An earth elemental (D)
  A water elemental (D)
  A scorpion (D)
  A jelly (D)
  An orc priest (D)
  A wizard (D)
  Jessica (D)
  A necromancer (D)
  3 humans (D)
  A kobold demonologist (D)
  2 oozes (D)
  A plant (D)
39 creatures vanquished.

Vanquished Creatures (others)
  2 draconian scorchers (D)
  6 hellions (D)
  A yaktaur (D)
  An orc priest (D)
  9 plants (D)
19 creatures vanquished.

Grand Total: 58 creatures vanquished

Notes
Turn   | Place    | Note
-------+----------+-------------------------------------------
     0 | D        | MuseOD the Spriggan Enchanter began the quest for the Orb.
     0 | D        | Reached XP level 1. HP: 9/9 MP: 5/5
     4 | D        | Reached skill level 1 in Fighting
     4 | D        | Reached skill level 5 in Stealth
     7 | D        | Reached XP level 2. HP: 14/14 MP: 6/6
    11 | D        | Learned a level 2 spell: Ensorcelled Hibernation
    15 | D        | Noticed Jessica
    18 | D        | Killed Jessica
    18 | D        | Reached skill level 5 in Short Blades
    18 | D        | Reached skill level 6 in Stealth
    18 | D        | Reached XP level 3. HP: 19/19 MP: 5/8
    23 | D        | Learned a level 3 spell: Confuse
    61 | D        | Reached skill level 7 in Stealth
    69 | D        | Killed a yaktaur
    98 | D        | Killed a hellion
    99 | D        | Killed a hellion
   102 | D        | Noticed a scorpion
   111 | D        | Killed a scorpion
   111 | D        | Reached XP level 4. HP: 24/24 MP: 2/11
   127 | D        | Learned a level 3 spell: Dazzling Spray
   145 | D        | Killed a hellion
   146 | D        | Killed a hellion
   147 | D        | Killed a hellion
   171 | D        | Killed a hellion
   195 | D        | Killed a white draconian scorcher
   200 | D        | Noticed a water elemental
   203 | D        | Killed a water elemental
   203 | D        | Reached skill level 8 in Stealth
   203 | D        | Reached skill level 5 in Hexes
   203 | D        | Reached XP level 5. HP: 28/28 MP: 13/13
   211 | D        | Found a basalt altar of Yredelemnul.
   211 | D        | Found a shadowy altar of Dithmenos.
   211 | D        | Found a sacrificial altar of Ru.
   211 | D        | Noticed a necrophage
   215 | D        | Reached skill level 5 in Spellcasting
   218 | D        | Killed a necrophage
   218 | D        | Reached skill level 9 in Stealth
   218 | D        | Reached XP level 6. HP: 33/33 MP: 7/15
   223 | D        | Became a worshipper of Dithmenos the Shadowed
   254 | D        | Killed a white draconian scorcher
   280 | D        | Found a glowing silver altar of Zin.
   280 | D        | Found a glowing golden altar of the Shining One.
   280 | D        | Found a white marble altar of Elyvilon.
   280 | D        | Noticed a deep elf mage
   283 | D        | Killed a deep elf mage
   283 | D        | Reached skill level 5 in Fighting
   283 | D        | Reached skill level 10 in Short Blades
   283 | D        | Reached skill level 11 in Stealth
   283 | D        | Reached XP level 7. HP: 39/39 MP: 13/18
   315 | D        | Found a hide-covered altar of Uskayaw.
   315 | D        | Found a roughly hewn altar of Beogh.
   315 | D        | Found an iron altar of Okawaru.
   315 | D        | Found a bloodstained altar of Trog.
   315 | D        | Found an ornate altar of the Wu Jian Council.
   315 | D        | Noticed a human
   315 | D        | Noticed a human
   318 | D        | Killed a human
   319 | D        | Killed a human
   319 | D        | Reached * piety under Dithmenos
   319 | D        | Reached skill level 12 in Stealth
   332 | D        | Found a radiant altar of Vehumet.
   332 | D        | Found a deep blue altar of Sif Muna.
   332 | D        | Found an ancient bone altar of Kikubaaqudgha.
   345 | D        | Learned a level 3 spell: Regeneration
   357 | D        | Noticed a shadow
   359 | D        | Killed a shadow
   359 | D        | Reached ** piety under Dithmenos
   359 | D        | Reached XP level 8. HP: 44/44 MP: 19/21
   369 | D        | Noticed Erica
   371 | D        | Killed Erica
   371 | D        | Reached skill level 13 in Stealth
   371 | D        | Reached skill level 10 in Hexes
   396 | D        | Noticed a centaur warrior
   398 | D        | Reached *** piety under Dithmenos
   402 | D        | Killed a centaur warrior
   402 | D        | Reached skill level 14 in Stealth
   402 | D        | Reached skill level 10 in Spellcasting
   402 | D        | Reached XP level 9. HP: 28/50 MP: 15/24
   543 | D        | Noticed an unseen horror
   545 | D        | Killed an unseen horror
   558 | D        | Noticed Dowan
   558 | D        | Noticed Duvessa
   562 | D        | Killed Duvessa
   562 | D        | Reached **** piety under Dithmenos
   562 | D        | Reached skill level 15 in Stealth
   571 | D        | Killed Dowan
   571 | D        | Reached skill level 15 in Short Blades
   571 | D        | Reached XP level 10. HP: 38/57 MP: 22/26
   671 | D        | Noticed a yaktaur captain
   673 | D        | Killed a yaktaur captain
   673 | D        | Reached skill level 16 in Stealth
   674 | D        | Noticed a yaktaur captain
   675 | D        | Noticed a yaktaur captain
   675 | D        | Killed a yaktaur captain
   677 | D        | Killed a yaktaur captain
   677 | D        | Reached ***** piety under Dithmenos
   687 | D        | Noticed a sun demon
   912 | D        | Reached skill level 17 in Stealth
   912 | D        | Reached XP level 11. HP: 41/62 MP: 18/28
  1338 | D        | Noticed a red ugly thing
  1338 | D        | Noticed a deep troll
  1340 | D        | a deep troll changed into a redback
  1364 | D        | Killed a red ugly thing
  1603 | D        | Noticed an entropy weaver
  1605 | D        | Killed an entropy weaver
  1611 | D        | Noticed a yaktaur captain
  1616 | D        | Noticed a centaur warrior
  1620 | D        | Killed a centaur warrior
  1620 | D        | Reached skill level 10 in Fighting
  1630 | D        | Noticed a fire dragon
  1632 | D        | Killed a fire dragon
  1632 | D        | Reached skill level 18 in Stealth
  1641 | D        | Noticed a glaive of venom
  1641 | D        | Noticed a trident of protection
  1641 | D        | Noticed a dire flail of protection
  1642 | D        | Noticed a long sword of electrocution
  1687 | D        | Slain by a long sword of electrocution

Skill      XL: |  1  2  3  4  5  6  7  8  9 10 11 |
---------------+----------------------------------+-----
Fighting       | 1 2 3 4 5 6 7 8 9 10 | 10.1
Short Blades   | 3 5 6 7 8 10 11 13 15 16 17 | 17.5
Stealth        | 5 6 7 8 9 11 12 14 15 17 18 | 18.0
Spellcasting   | 4 5 7 8 10 11 12 13 | 13.6
Hexes          | 4 5 6 8 9 10 12 13 | 13.9
Dodging        | |  3.0

Action                   |  1- 3 |  4- 6 |  7- 9 | 10-12 || total
-------------------------+-------+-------+-------+-------++-------
Melee: Dagger            |     6 |     5 |    20 |   181 ||   212
 Cast: Ensorcelled Hiber |     6 |     1 |     2 |     1 ||    10
       Dazzling Spray    |       |     1 |     1 |     9 ||    11
       Confuse           |       |     1 |     1 |    12 ||    14
Invok: Shadow Step       |       |       |       |     2 ||     2
  Use: Potion            |       |       |       |     4 ||     4
 Stab: Sleeping          |     5 |     2 |    13 |     4 ||    24
       Confused          |       |     1 |     2 |     2 ||     5
       Invisible         |       |     1 |       |     5 ||     6
Armor: Robe              |     1 |     1 |       |       ||     2
Dodge: Dodged            |     1 |     2 |     4 |    23 ||    30
